[Event "Titled Tuesday Blitz November 15 Late 2022"]
[White "Svane, Frederik"]
[Black "Svane, Rasmus"]
[WhiteFideId "12923044"]
[BlackFideId "4657101"]
[WhiteElo "2466"]
[BlackElo "2674"]
[Result "1/2-1/2"]
[Round "09"]
[TimeControl "180+1"]
[Date "2022.11.15"]
[WhiteClock "0:00:05"]
[BlackClock "0:00:08"]

1. c4 Nf6 2. Nc3 e5 3. Nf3 Nc6 4. e4 Bb4 5. d3 d6 6. a3 Bc5 7. b4 Bb6 8. Be3 Bg4 9. Be2 Bxf3 10. Bxf3 Nd4 11. Na4 Nxf3+ 12. Qxf3 Bxe3 13. fxe3 O-O 14. O-O c6 15. Nc3 Qe7 16. Rf2 Rad8 17. h3 Qe6 18. Raf1 Rd7 19. Ne2 d5 20. exd5 cxd5 21. Qg3 Kh8 22. c5 b6 23. Rf5 Re8 24. Rg5 h6 25. Rgf5 d4 26. Qh4 Nh7 27. exd4 exd4 28. Ng3 f6 29. Ne4 Rd5 30. Rxd5 Qxd5 31. Qg3 Ng5 32. Nxg5 hxg5 33. Rc1 Rc8 34. Qf3 Qxf3 35. gxf3 Kg8 36. Rc4 Kf7 37. Rxd4 bxc5 38. bxc5 Rxc5 39. Rd7+ Kg6 40. Rxa7 Rc3 41. Kf2 Rxd3 42. a4 Ra3 43. Kg3 Ra1 44. a5 Ra3 45. a6 Ra4 46. Kf2 Kf5 47. Rxg7 Kf4 48. Re7 Ra2+ 49. Re2 Rxa6 50. Re4+ Kf5 51. h4 Ra2+ 52. Kg3 Ra1 53. hxg5 fxg5 54. Rb4 Ra5 55. Rc4 Rd5 56. Rb4 1/2-1/2


[Site "https://www.chess.com"]

[Event "Titled Tuesday Blitz November 15 Late 2022"]
[White "Swiercz, Dariusz"]
[Black "Sarana, Alexey"]
[WhiteFideId "1126881"]
[BlackFideId "24133795"]
[WhiteElo "2627"]
[BlackElo "2708"]
[Result "1-0"]
[Round "09"]
[TimeControl "180+1"]
[Date "2022.11.15"]
[WhiteClock "0:00:06"]
[BlackClock "0:00:06"]

1. e4 c5 2. Nf3 d6 3. Bb5+ Bd7 4. Bxd7+ Nxd7 5. O-O e6 6. c4 Ne5 7. d3 Ne7 8. Nc3 N7c6 9. Ne1 g5 10. Rb1 h5 11. a3 Bg7 12. b4 b6 13. Ne2 g4 14. b5 Ne7 15. f4 gxf3 16. Nxf3 Nxf3+ 17. Rxf3 Ng6 18. Nf4 Ne5 19. Rh3 h4 20. Qe2 Bh6 21. Bd2 Qe7 22. Rf1 O-O-O 23. a4 Rdg8 24. a5 Rg4 25. axb6 axb6 26. d4 cxd4 27. Ra3 Rhg8 28. Rfa1 Nd7 29. h3 Rxf4 30. Bxf4 Bxf4 31. e5 Nb8 32. Ra8 Bxe5 33. Qe4 Qb7 34. Qxb7+ Kxb7 35. R1a7+ Kc8 36. Rxf7 d3 37. Kf2 d2 38. Ke2 Rxg2+ 39. Kd1 Bc3 40. Rf8+ Kd7 41. Ra7# 1-0


[Site "https://www.chess.com"]

[Event "Titled Tuesday Blitz November 15 Late 2022"]
[White "Szente Varga, Fruzsina"]
[Black "Janaszak, Dawid"]
[WhiteFideId "712264"]
[BlackFideId "1119206"]
[WhiteElo "1994"]
[BlackElo "2226"]
[Result "0-1"]
[Round "09"]
[TimeControl "180+1"]
[Date "2022.11.16"]
[WhiteClock "0:00:12"]
[BlackClock "0:00:43"]

1. e4 c5 2. Nf3 Nc6 3. Bb5 g6 4. Nc3 Bg7 5. O-O e5 6. d3 Nge7 7. Be3 d6 8. Qd2 O-O 9. Bh6 Bg4 10. Bxg7 Kxg7 11. Ne1 Nd4 12. f4 f6 13. Bc4 a6 14. Nd5 b5 15. Bb3 Rc8 16. c3 Nxd5 17. Bxd5 Ne2+ 18. Kh1 Nxf4 19. a4 Qd7 20. axb5 axb5 21. Rxf4 exf4 22. Qxf4 Be6 23. Ra6 Rfd8 24. Nf3 Bxd5 25. exd5 Ra8 26. Rxa8 Rxa8 27. h3 Re8 28. Nd2 f5 29. Nf3 h6 30. c4 b4 31. Kh2 Qe7 32. Qg3 Qf6 33. Qf4 g5 34. Qd2 g4 35. hxg4 fxg4 36. Ng1 Qh4+ 0-1


[Site "https://www.chess.com"]

[Event "Titled Tuesday Blitz November 15 Late 2022"]
[White "Szyszylo, Rafal"]
[Black "Brown, Andrew"]
[WhiteFideId "1109626"]
[BlackFideId "3206513"]
[WhiteElo "1981"]
[BlackElo "2245"]
[Result "0-1"]
[Round "09"]
[TimeControl "180+1"]
[Date "2022.11.16"]
[WhiteClock "0:00:46"]
[BlackClock "0:00:53"]

1. e4 g6 2. d4 Bg7 3. Nc3 c6 4. Nf3 d5 5. h3 dxe4 6. Nxe4 Nf6 7. Nxf6+ exf6 8. Bc4 Qe7+ 9. Be3 Qb4+ 10. Nd2 Qxb2 11. O-O O-O 12. Rb1 Qa3 13. Qf3 Nd7 14. Ne4 f5 15. Ng5 h6 16. Nxf7 Rxf7 17. Qg3 g5 18. Qc7 f4 19. Bc1 Qf8 20. Re1 Nb6 21. Bxf7+ Qxf7 22. Qd8+ Bf8 23. Ba3 Bf5 0-1


[Site "https://www.chess.com"]

[Event "Titled Tuesday Blitz November 15 Late 2022"]
[White "Tan, Ralph"]
[Black "Sargsyan, Anna M."]
[WhiteFideId "30966590"]
[BlackFideId "13308130"]
[WhiteElo "2059"]
[BlackElo "2284"]
[Result "0-1"]
[Round "09"]
[TimeControl "180+1"]
[Date "2022.11.16"]
[WhiteClock "0:00:10"]
[BlackClock "0:01:11"]

1. Nf3 d5 2. g3 g6 3. Bg2 Bg7 4. d4 Nf6 5. O-O c5 6. c4 cxd4 7. cxd5 O-O 8. Nxd4 Nxd5 9. Na3 Nc6 10. Nxc6 bxc6 11. Nc4 Ba6 12. Qc2 Rb8 13. Rd1 Nb4 14. Qa4 Qc8 15. Na5 c5 16. Bf4 e5 17. Be3 Bxe2 18. Rdc1 Bb5 19. Qd1 Nd3 20. Rc2 Qa6 21. Nb3 c4 22. Nd2 Rfd8 23. Bf1 Ba4 24. b3 Bb5 25. bxc4 Ba4 26. Nb3 e4 27. Rb1 Nxf2 28. Qe2 Nd3 29. Bg2 f5 30. g4 Be5 31. gxf5 gxf5 32. Qh5 Qg6 33. Qxg6+ hxg6 34. Rd1 Rxb3 35. axb3 Bxb3 36. Rcd2 Bxd1 37. Rxd1 Rc8 38. Bxa7 Rxc4 39. Bf1 Bd4+ 40. Bxd4 Rxd4 41. Bxd3 exd3 42. Kf2 Kf7 43. Ke3 Rh4 44. Rd2 Rh3+ 45. Kd4 Kf6 46. Rxd3 Rxh2 47. Ra3 Rh4+ 48. Kd5 Kg5 49. Ke5 Re4+ 50. Kd5 Re8 51. Rg3+ Kh5 52. Rg1 g5 53. Kd4 f4 54. Kd3 f3 55. Kd4 g4 56. Kd3 Kg5 57. Kd4 Kf4 58. Kd3 f2 59. Rf1 g3 60. Rh1 g2 61. Rh7 f1=Q+ 62. Kd4 Qd1+ 0-1


[Site "https://www.chess.com"]

[Event "Titled Tuesday Blitz November 15 Late 2022"]
[White "Tan, Zhongyi"]
[Black "Gurevich, Dmitry"]
[WhiteFideId "8603642"]
[BlackFideId "2000407"]
[WhiteElo "2510"]
[BlackElo "2506"]
[Result "0-1"]
[Round "09"]
[TimeControl "180+1"]
[Date "2022.11.15"]
[WhiteClock "0:00:10"]
[BlackClock "0:00:08"]

1. d4 Nf6 2. c4 a6 3. Nc3 c5 4. d5 b5 5. f3 b4 6. Nb1 d6 7. e4 g6 8. Bd3 Bg7 9. Ne2 O-O 10. O-O Nbd7 11. Ng3 a5 12. a4 Ne5 13. Be2 Ba6 14. Nd2 h5 15. b3 e6 16. Bb2 h4 17. Nh1 exd5 18. exd5 Nh5 19. f4 Nf3+ 20. Bxf3 Bxb2 21. Bxh5 gxh5 22. Qxh5 Bxa1 23. Rxa1 Qf6 24. Rf1 Rfe8 25. Nf2 Bc8 26. Nde4 Qxf4 27. Ng5 Re5 28. Qh7+ Kf8 29. Nfe4 Qe3+ 30. Kh1 Rf5 31. Qh6+ Ke7 32. Qxd6+ Ke8 33. Nf6+ Rxf6 34. Qxf6 Ra7 35. Nxf7 h3 36. Nd6+ Kd7 37. Qf7+ Kxd6 38. Rf6+ Ke5 39. Re6+ Bxe6 40. Qxe6+ Kd4 41. Qf6+ Kd3 42. gxh3 Qe1+ 43. Kg2 Qe4+ 44. Kg3 Qe3+ 45. Kg2 Qe2+ 46. Kg3 Kd2 47. d6 Qd3+ 48. Kf4 Rd7 49. Ke5 Qd4+ 50. Kf5 Qxf6+ 51. Kxf6 Rxd6+ 52. Ke5 Rh6 53. Kd5 Rh5+ 54. Kc6 Kc3 55. Kb5 Kxb3 56. Kxa5 Kxc4 0-1


[Site "https://www.chess.com"]

[Event "Titled Tuesday Blitz November 15 Late 2022"]
[White "Tari, Aryan"]
[Black "Ter-Sahakyan, Samvel"]
[WhiteFideId "1510045"]
[BlackFideId "13302531"]
[WhiteElo "2612"]
[BlackElo "2584"]
[Result "1-0"]
[Round "09"]
[TimeControl "180+1"]
[Date "2022.11.15"]
[WhiteClock "0:00:06"]
[BlackClock "0:00:01"]

1. e4 c6 2. d4 d5 3. exd5 cxd5 4. Bd3 Nf6 5. c3 Bg4 6. Qb3 Qc7 7. h3 Bd7 8. Nf3 Nc6 9. O-O e6 10. Re1 Bd6 11. Qd1 O-O 12. Qe2 Rae8 13. Ne5 Bc8 14. Nd2 Nd7 15. Ndf3 f6 16. Nxd7 Bxd7 17. c4 dxc4 18. Bxc4 Kh8 19. Be3 Nb4 20. Rac1 Bc6 21. a3 Nd5 22. b4 Qf7 23. Nd2 Qg6 24. Bd3 Nf4 25. Bxg6 Nxe2+ 26. Rxe2 hxg6 27. Nc4 Bb8 28. Na5 Bd5 29. Rec2 g5 30. f3 Kh7 31. b5 Kg6 32. a4 Bd6 33. Nc4 Bb8 34. Na5 Rd8 35. Bd2 Rfe8 36. Be3 Bd6 37. Nc4 Bb4 38. Bf2 Rd7 39. Ne3 Ba5 40. Nxd5 Rxd5 41. Rc8 Rdd8 42. Rxd8 Rxd8 43. Kf1 Bb6 44. Rc4 Kf7 45. Ke2 Rd7 46. Be3 Rd8 47. Rc1 Ba5 48. Rc4 Ke7 49. Bd2 Bxd2 50. Kxd2 Kd7 51. Ke3 Kd6 52. Ke4 Rh8 53. a5 Rh4+ 54. Ke3 Rh8 55. a6 bxa6 56. Rc6+ Kd5 57. Rxa6 Rb8 58. Rxa7 Rxb5 59. Rd7+ Kc6 60. Rxg7 Rb3+ 61. Kf2 Kd6 62. Rf7 f5 63. Rg7 Kd5 64. Rxg5 Kxd4 65. h4 Ke5 66. Rg6 Rb1 67. Kg3 Rh1 68. f4+ Kd6 69. Rg7 e5 70. Rg6+ Kd5 71. fxe5 Kxe5 72. Rh6 Ke4 73. Re6+ Kd5 74. Re8 Kd6 75. Rh8 Ke5 76. Rh6 Ke4 77. Kf2 Kf4 78. g3+ Kg4 79. Rg6+ Kh3 80. h5 Ra1 81. h6 Ra8 82. Kf3 Ra3+ 83. Kf4 1-0


[Site "https://www.chess.com"]

[Event "Titled Tuesday Blitz November 15 Late 2022"]
[White "Taspinar, Yanki"]
[Black "Melikhov, Evgeny V."]
[WhiteFideId "34561188"]
[BlackFideId "4122046"]
[WhiteElo "2225"]
[BlackElo "2169"]
[Result "1/2-1/2"]
[Round "09"]
[TimeControl "180+1"]
[Date "2022.11.16"]
[WhiteClock "0:00:50"]
[BlackClock "0:00:07"]

1. c4 e5 2. d3 d6 3. g3 f5 4. Bg2 Nf6 5. Nc3 Be7 6. Bg5 O-O 7. Nf3 a5 8. O-O c6 9. a3 h6 10. Bxf6 Bxf6 11. Nd2 Be6 12. Qc2 Na6 13. Rfb1 Nc7 14. b4 axb4 15. axb4 d5 16. cxd5 cxd5 17. Rxa8 Qxa8 18. Na4 Nb5 19. Qd1 e4 20. dxe4 dxe4 21. e3 Nc3 22. Nxc3 Bxc3 23. Nb3 Rd8 24. Nd4 Bxd4 25. exd4 Bd5 26. Qc2 Rc8 27. Qd2 Qa2 28. Qxa2 Bxa2 29. Ra1 Rc2 30. Bf1 Bc4 31. Ra8+ Kf7 32. Rc8 Bd3 33. Rxc2 Bxc2 34. Bc4+ Ke7 35. Kf1 g5 36. Ke2 f4 37. Kd2 Ba4 38. b5 b6 39. Kc3 Kd6 40. Kb4 Bd1 41. Kc3 Bg4 42. Bf1 Bf5 43. Bc4 e3 44. fxe3 fxe3 45. Bb3 Bd7 46. Bc4 Bf5 47. Bb3 Bg6 48. Bc4 Bf5 1/2-1/2


[Site "https://www.chess.com"]

[Event "Titled Tuesday Blitz November 15 Late 2022"]
[White "Terry, Renato"]
[Black "Yanchenko, Roman"]
[WhiteFideId "3803457"]
[BlackFideId "4137329"]
[WhiteElo "2577"]
[BlackElo "2489"]
[Result "1-0"]
[Round "09"]
[TimeControl "180+1"]
[Date "2022.11.15"]
[WhiteClock "0:00:33"]
[BlackClock "0:00:02"]

1. d4 d5 2. Bg5 Bf5 3. e3 c6 4. Bd3 Bxd3 5. Qxd3 Nd7 6. Nf3 Ngf6 7. Nbd2 e6 8. O-O Be7 9. c4 O-O 10. Rfc1 a6 11. Rab1 h6 12. Bh4 Rc8 13. b4 b5 14. c5 Qc7 15. a4 Qb7 16. Ra1 Rfe8 17. Ra3 Ng4 18. Bg3 f5 19. Rca1 Ra8 20. Nb3 Ngf6 21. Na5 Qc8 22. Qc2 Ne4 23. Qa2 Bf6 24. Be5 Bxe5 25. dxe5 Qc7 26. Qb2 Reb8 27. Nd4 bxa4 28. Ndxc6 Rb5 29. Nd4 Rxa5 30. bxa5 Nexc5 31. f4 Qxa5 32. Rc1 Rb8 33. Qc3 Qxc3 34. Raxc3 Rb2 35. h3 Kh7 36. Rxc5 Nxc5 37. Rxc5 a3 38. Ra5 a2 39. Kh2 h5 40. h4 Kg6 41. Nxe6 Re2 42. Rxa6 Kf7 43. Nd4 Rxe3 44. Nxf5 Re4 45. Nd6+ 1-0


[Site "https://www.chess.com"]

[Event "Titled Tuesday Blitz November 15 Late 2022"]
[White "Timmermans, Mark"]
[Black "vjecspec"]
[WhiteFideId "1026399"]
[WhiteElo "2460"]
[BlackElo "2540"]
[Result "0-1"]
[Round "09"]
[TimeControl "180+1"]
[Date "2022.11.16"]
[WhiteClock "0:00:14"]
[BlackClock "0:00:46"]

1. b4 c6 2. Bb2 a5 3. b5 cxb5 4. e4 b4 5. a3 e6 6. axb4 Nf6 7. e5 Nd5 8. b5 Be7 9. Nf3 O-O 10. Be2 d6 11. O-O Nd7 12. exd6 Bxd6 13. Na3 N7b6 14. Re1 Be7 15. c4 Nb4 16. d4 Bf6 17. Nc2 Nxc2 18. Qxc2 Bd7 19. Ne5 Qc7 20. c5 Nd5 21. Bd3 g6 22. b6 Qc8 23. Nc4 Nb4 24. Qd2 Nxd3 25. Qxd3 Bb5 26. Qb3 Bxc4 27. Qxc4 Qc6 28. Ra4 Rfd8 29. Rea1 Qe4 30. h3 Kg7 31. Bc3 Rd5 32. Kf1 Rad8 33. Rd1 e5 34. Re1 Qf5 35. dxe5 Bxe5 36. Bxe5+ Rxe5 37. Qc3 f6 38. Rxe5 fxe5 39. Rxa5 Qe4 40. Ra1 Rd3 41. Re1 Rxc3 42. Rxe4 Rxc5 43. f4 Rb5 44. fxe5 Rxb6 45. e6 Kf8 46. e7+ Ke8 47. g4 Rd6 48. Kg2 Rd7 49. Kg3 Rxe7 50. Rd4 Rd7 51. Rc4 Kd8 52. h4 b5 53. Rc6 Rb7 54. Kf4 b4 55. Rc1 b3 56. Ke4 b2 57. Rb1 Ke7 58. h5 g5 59. Kf5 Rb5+ 60. Ke4 Ke6 61. Ke3 Ke5 0-1


[Site "https://www.chess.com"]

[Event "Titled Tuesday Blitz November 15 Late 2022"]
[White "Tomiello, Lucas Costamilan"]
[Black "Khandelwal, Ankush"]
[WhiteFideId "22701940"]
[BlackFideId "413470"]
[WhiteElo "2085"]
[BlackElo "2271"]
[Result "0-1"]
[Round "09"]
[TimeControl "180+1"]
[Date "2022.11.16"]
[WhiteClock "0:00:56"]
[BlackClock "0:00:49"]

1. e4 c5 2. Nf3 d6 3. d4 cxd4 4. Nxd4 Nf6 5. Nc3 a6 6. Be2 e5 7. Nb3 Be6 8. f4 exf4 9. Bxf4 Nc6 10. Qd2 Be7 11. O-O-O Ne5 12. h3 O-O 13. g4 Rc8 14. Kb1 b5 15. g5 Nfd7 16. h4 b4 17. Nd5 Bxd5 18. exd5 a5 19. Nd4 Nb6 20. Bxe5 dxe5 21. Nc6 Qd6 22. Nxe7+ Qxe7 23. Bg4 Rc4 24. d6 Qd8 25. Bf5 Rd4 26. Qe2 Qxd6 27. Rxd4 Qxd4 28. h5 Nc4 29. c3 bxc3 30. g6 cxb2 31. gxf7+ Rxf7 32. Rd1 Na3# 0-1


[Site "https://www.chess.com"]

[Event "Titled Tuesday Blitz November 15 Late 2022"]
[White "Tristan, Leonardo"]
[Black "Urazayev, Arystanbek"]
[WhiteFideId "113816"]
[BlackFideId "13709810"]
[WhiteElo "2461"]
[BlackElo "2441"]
[Result "1-0"]
[Round "09"]
[TimeControl "180+1"]
[Date "2022.11.15"]
[WhiteClock "0:01:31"]
[BlackClock "0:00:20"]

1. d4 Nf6 2. Nf3 g6 3. Bf4 Bg7 4. e3 O-O 5. Be2 d6 6. O-O c5 7. c3 Nc6 8. dxc5 dxc5 9. Nbd2 Nh5 10. Bg5 h6 11. Bh4 g5 12. Ne1 gxh4 13. Bxh5 h3 14. g3 Ne5 15. Be2 Bf5 16. e4 Bh7 17. f4 Nc6 18. Bg4 f5 19. exf5 Bxf5 20. Bxf5 Rxf5 21. Qg4 Qd5 22. Nc4 Rh5 23. Ne3 Qd2 24. N1c2 Rd5 1-0


[Site "https://www.chess.com"]

[Event "Titled Tuesday Blitz November 15 Late 2022"]
[White "Urbina Quiroz, Edwin"]
[Black "Vargas, Mauricio"]
[WhiteFideId "6500650"]
[BlackFideId "4404572"]
[WhiteElo "2152"]
[BlackElo "2025"]
[Result "1-0"]
[Round "09"]
[TimeControl "180+1"]
[Date "2022.11.16"]
[WhiteClock "0:00:15"]
[BlackClock "0:00:01"]

1. d4 d5 2. Nf3 c6 3. g3 Bg4 4. Bg2 Nd7 5. O-O f6 6. Nc3 e5 7. e4 dxe4 8. Nxe4 f5 9. Nc3 e4 10. Qe1 Qe7 11. Nd2 Ngf6 12. f3 exf3 13. Nxf3 O-O-O 14. Bf4 h6 15. Qf2 g5 16. Be5 Nxe5 17. dxe5 Nd5 18. Nxd5 Rxd5 19. Qxa7 Qc5+ 20. Qxc5 Bxc5+ 21. Kh1 Bxf3 22. Rxf3 Rxe5 23. Rxf5 Rxf5 24. Bh3 Rf8 25. Rf1 Kc7 26. Bxf5 Kd6 27. Kg2 Ke5 28. g4 Bb6 29. Re1+ Kd6 30. Re6+ Kc7 31. Rxh6 Be3 32. Kf3 Bf4 33. h4 Re8 34. Rh7+ Kb6 35. Be4 Ra8 36. h5 Rd8 37. h6 Rd2 38. Rf7 Rh2 39. Rf8 Rh3+ 40. Ke2 Rxh6 41. Kd3 Rh3+ 42. Kc4 Be3 43. b3 Ka6 44. Rf3 b5+ 45. Kc3 Rxf3 46. Bxf3 Bf4 47. Bxc6 Kb6 48. Bd7 Kc5 49. Bf5 b4+ 50. Kd3 Kd5 51. c4+ bxc3 52. Kxc3 Kc5 53. b4+ Kb5 54. Kb3 Bd2 55. a4+ Kb6 56. Kc4 Ka6 57. a5 Bf4 58. Bc8+ Ka7 59. Kb5 Be3 60. Bf5 Bd4 61. Bd3 Be3 62. Kc6 Bd2 63. Kb5 Be3 64. Ka4 Bf4 65. b5 1-0


[Site "https://www.chess.com"]

[Event "Titled Tuesday Blitz November 15 Late 2022"]
[White "Vlassov, Nikolai"]
[Black "Harshal, Shahi"]
[WhiteFideId "4103360"]
[BlackFideId "5048257"]
[WhiteElo "2324"]
[BlackElo "2054"]
[Result "1-0"]
[Round "09"]
[TimeControl "180+1"]
[Date "2022.11.16"]
[WhiteClock "0:01:38"]
[BlackClock "0:00:01"]

1. e4 c5 2. c3 d5 3. exd5 Qxd5 4. d4 Nf6 5. Nf3 Bg4 6. dxc5 Qxd1+ 7. Kxd1 e5 8. Be3 e4 9. h3 Bh5 10. g4 Nxg4 11. hxg4 Bxg4 12. Nd2 exf3 13. Bh3 f5 14. Kc2 Nd7 15. b4 O-O-O 16. Rag1 Ne5 17. Bd4 Nc6 18. Bxg4 fxg4 19. Rxg4 h5 20. Re4 Nxd4+ 21. cxd4 g5 22. Nxf3 Bg7 23. Kd3 g4 24. Ng5 Rdf8 25. Ne6 Rf3+ 26. Kc4 Re8 27. Rxh5 Rxf2 28. Rg5 Bf6 29. Rgxg4 Rxa2 30. d5 Rc2+ 31. Kd3 Rc3+ 32. Kd2 Rb3 33. Rgf4 Bd8 34. d6 1-0


[Site "https://www.chess.com"]

[Event "Titled Tuesday Blitz November 15 Late 2022"]
[White "Winterberg, Lukas"]
[Black "Hambleton, Aman"]
[WhiteFideId "24622702"]
[BlackFideId "2606577"]
[WhiteElo "2349"]
[BlackElo "2538"]
[Result "1/2-1/2"]
[Round "09"]
[TimeControl "180+1"]
[Date "2022.11.16"]
[WhiteClock "0:00:49"]
[BlackClock "0:00:27"]

1. d4 Nf6 2. Nf3 e6 3. c4 b6 4. g3 Ba6 5. b3 Bb4+ 6. Bd2 c5 7. Bg2 Bb7 8. O-O O-O 9. Bf4 cxd4 10. Nxd4 Bxg2 11. Kxg2 d5 12. cxd5 Qxd5+ 13. Nf3 Nc6 14. a3 Be7 15. Ra2 Rfd8 16. Rd2 Qb5 17. Qc2 Rxd2 18. Bxd2 Rc8 19. Nc3 Qa6 20. a4 h6 21. Rc1 Qb7 22. Nb5 a6 23. Nbd4 Na7 24. Qd3 Rxc1 25. Bxc1 b5 26. axb5 Nxb5 27. Nxb5 axb5 28. Kg1 Ne4 29. Nd4 b4 30. f3 Nc5 31. Qc4 Qd5 32. Qxd5 exd5 33. Bd2 Bf6 34. Nc6 Bc3 35. Be3 Nxb3 36. Ne7+ Kh7 37. Nxd5 Na5 38. Bc5 Nc4 39. Bxb4 Bd4+ 40. Kg2 Ne3+ 41. Nxe3 Bxe3 42. f4 f5 43. Kf3 Bg1 44. h3 Bb6 45. Bd6 g6 46. g4 Kg8 47. e4 fxe4+ 48. Kxe4 Kf7 49. Be5 Bd8 50. Kd5 h5 51. Kc6 hxg4 52. hxg4 Be7 53. Bd6 Bf6 54. Kd5 Bd8 55. Bc5 Bf6 56. Bd4 Bd8 57. Kd6 Be7+ 58. Kd7 Bf8 59. Be5 Bc5 60. Kc6 Be3 61. Kd5 Bd2 62. Ke4 Bc1 63. Bd4 Bd2 64. Be3 Bc3 65. Kd3 Bb4 66. Kc4 Ba3 67. Bc5 Bc1 68. Bd6 Ke6 69. Bb8 Bd2 70. Kd3 Bb4 71. Ke4 Ba3 72. f5+ gxf5+ 73. gxf5+ Kf7 74. Be5 Be7 75. Bd4 Bf6 76. Bxf6 Kxf6 77. Kf4 Kf7 78. Kg4 Kf6 79. Kf4 Kf7 80. Kf3 Kf6 81. Ke4 Kf7 82. Ke5 Ke7 83. Kd5 Kf6 84. Ke4 Kf7 85. Ke5 Ke7 86. f6+ Kf7 87. Kf5 Kf8 88. Kf4 Kf7 89. Kg5 Kf8 90. Kg6 Kg8 91. Kh5 Kf7 92. Kg5 Kf8 93. Kf5 Kf7 94. Ke5 Kf8 95. Ke6 Ke8 96. f7+ Kf8 97. Kf5 Kxf7 1/2-1/2


[Site "https://www.chess.com"]

[Event "Titled Tuesday Blitz November 15 Late 2022"]
[White "Xiong, Jeffery"]
[Black "Nakamura, Hikaru"]
[WhiteFideId "2047640"]
[BlackFideId "2016192"]
[WhiteElo "2725"]
[BlackElo "2909"]
[Result "1-0"]
[Round "09"]
[TimeControl "180+1"]
[Date "2022.11.15"]
[WhiteClock "0:00:12"]
[BlackClock "0:00:03"]

1. d4 g6 2. Nf3 f5 3. h4 Bg7 4. h5 Nf6 5. h6 Bf8 6. c4 e6 7. Nc3 Bb4 8. Bg5 O-O 9. e3 Qe8 10. Bd3 Bxc3+ 11. bxc3 d6 12. c5 Ne4 13. cxd6 cxd6 14. Bxe4 fxe4 15. Nd2 d5 16. c4 Nc6 17. O-O Rf5 18. Qg4 Qf7 19. f4 Nb4 20. Qh4 Qd7 21. g4 Rf7 22. Bf6 Nc2 23. cxd5 exd5 24. f5 Nxe3 25. Rf4 b6 26. Qg5 Nxg4 27. Rxg4 Qxf5 28. Rf4 Qh3 29. Nf1 Bf5 30. Re1 Raf8 31. Re3 Qh5 32. Qxh5 gxh5 33. Bg7 Rc8 34. Rg3 Bg6 35. Rxf7 Kxf7 36. Ne3 Ke6 37. Rg5 Rc3 38. Re5+ Kd7 39. Nxd5 Rc1+ 40. Kf2 h4 41. Nf6+ Kc6 42. d5+ Kb7 43. d6 Rc2+ 44. Kg1 h3 45. d7 1-0


[Site "https://www.chess.com"]

[Event "Titled Tuesday Blitz November 15 Late 2022"]
[White "Young, Ryan"]
[Black "Yano, William Jorge Froes"]
[WhiteFideId "2049945"]
[BlackFideId "2112949"]
[WhiteElo "2281"]
[BlackElo "2122"]
[Result "0-1"]
[Round "09"]
[TimeControl "180+1"]
[Date "2022.11.16"]
[WhiteClock "0:00:02"]
[BlackClock "0:01:15"]

1. e4 e6 2. d4 d5 3. Nc3 Bb4 4. exd5 exd5 5. Bd3 Nc6 6. Ne2 Nge7 7. O-O Bg4 8. f3 Bh5 9. Be3 Qd7 10. Qd2 O-O-O 11. a3 Bd6 12. b4 Rdg8 13. Nb5 g5 14. Nxd6+ Qxd6 15. c4 dxc4 16. Bxc4 g4 17. f4 Nf5 18. d5 Nce7 19. Bc5 Qf6 20. g3 Rd8 21. Bxa7 Bg6 22. a4 h5 23. a5 h4 24. a6 b6 25. Bb8 Kxb8 26. a7+ Ka8 27. Qa2 hxg3 28. hxg3 Nd4 29. Ba6 Nxe2+ 30. Bxe2 Qd4+ 31. Rf2 Rh1+ 32. Kxh1 Qxf2 33. Bxg4 Rh8+ 34. Bh3 Rxh3# 0-1


[Site "https://www.chess.com"]

[Event "Titled Tuesday Blitz November 15 Late 2022"]
[White "chess50years"]
[Black "Rodriguez Santiago, Jaime"]
[BlackFideId "3100898"]
[WhiteElo "2132"]
[BlackElo "2025"]
[Result "0-1"]
[Round "09"]
[TimeControl "180+1"]
[Date "2022.11.16"]
[WhiteClock "0:00:45"]
[BlackClock "0:00:19"]

1. c4 Nf6 2. Nc3 e5 3. g3 Bb4 4. Bg2 Bxc3 5. bxc3 O-O 6. d3 Re8 7. e4 c5 8. Nf3 d6 9. O-O Nc6 10. h3 h6 11. Rb1 b6 12. Qe2 Bd7 13. Nh2 Ne7 14. f4 exf4 15. gxf4 Ng6 16. Qf2 Rb8 17. Be3 Qc8 18. Qg3 Nh5 19. Qf3 Nf6 20. Rbc1 b5 21. d4 bxc4 22. dxc5 Rb2 23. Rf2 Nh4 24. Qg3 Rxf2 25. Qxf2 Nxg2 26. Kxg2 Bxh3+ 27. Kg1 Nxe4 28. Qf3 Nf6 29. cxd6 Qd7 30. Bd4 Re6 31. Qxh3 Re1+ 32. Rxe1 Qxh3 33. Bxf6 gxf6 34. Re7 Qg3+ 35. Kh1 Kf8 36. Rb7 Qxf4 37. d7 Qe4+ 38. Kg1 Ke7 39. Rxa7 Qe3+ 0-1


[Site "https://www.chess.com"]

[Event "Titled Tuesday Blitz November 15 Late 2022"]
[White "Adewumi, Tanitoluwa"]
[Black "Arnold, Ken"]
[WhiteFideId "30966396"]
[BlackFideId "2056836"]
[WhiteElo "2526"]
[BlackElo "2357"]
[Result "1-0"]
[Round "10"]
[TimeControl "180+1"]
[Date "2022.11.16"]
[WhiteClock "0:00:45"]
[BlackClock "0:00:39"]

1. e4 c6 2. d4 d5 3. exd5 cxd5 4. Bd3 Nf6 5. c3 Nc6 6. h3 h5 7. Nf3 g6 8. O-O Bg7 9. Re1 O-O 10. Bg5 Bd7 11. Ne5 Nxe5 12. dxe5 Nh7 13. Bh4 Be6 14. Nd2 Qd7 15. Nb3 Bf5 16. Bxf5 Qxf5 17. Nd4 Qd7 18. e6 fxe6 19. Nxe6 Rf7 20. Qd3 Nf8 21. Nxf8 Raxf8 22. Qxg6 e5 23. Rxe5 Rf5 24. Re7 1-0


[Site "https://www.chess.com"]

[Event "Titled Tuesday Blitz November 15 Late 2022"]
[White "Aggelis, Nikolaos"]
[Black "Khandelwal, Ankush"]
[WhiteFideId "4213220"]
[BlackFideId "413470"]
[WhiteElo "2189"]
[BlackElo "2271"]
[Result "1-0"]
[Round "10"]
[TimeControl "180+1"]
[Date "2022.11.16"]
[WhiteClock "0:00:14"]
[BlackClock "0:00:02"]

1. d4 Nf6 2. Nf3 g6 3. g3 Bg7 4. Bg2 O-O 5. O-O d6 6. Re1 Nc6 7. Nc3 e5 8. e4 Nxd4 9. Nxd4 exd4 10. Qxd4 Re8 11. Qd3 Be6 12. h3 Qd7 13. Kh2 Rad8 14. Bf4 h6 15. Rad1 g5 16. Be3 a6 17. Bd4 b5 18. Nd5 Nxd5 19. exd5 Bf5 20. Qc3 Bxd4 21. Qxd4 Rxe1 22. Rxe1 Re8 23. Rxe8+ Qxe8 24. Qf6 Bxc2 25. Qxh6 Qe5 26. h4 gxh4 27. Qxh4 Qxb2 28. Qd8+ Kg7 29. Qxc7 Bg6 30. Qxd6 Qxf2 31. Qe5+ Qf6 32. Qe3 Qd6 33. Qc3+ Kf8 34. Qc6 Ke7 35. Qb7+ Kf6 36. Bf3 Bf5 37. Kg2 b4 38. g4 Bd3 39. Qc6 Ke5 40. Qe8+ Kd4 41. Qe1 a5 42. Qd2 Kc4 43. Qc1+ Kb5 44. Qc8 Qf4 45. Qb7+ Kc4 46. Qc6+ Kd4 47. d6 1-0


[Site "https://www.chess.com"]

[Event "Titled Tuesday Blitz November 15 Late 2022"]
[White "Aguilar, Juan"]
[Black "Rorrer, Grayson"]
[WhiteFideId "3800091"]
[BlackFideId "30944996"]
[WhiteElo "2473"]
[BlackElo "2130"]
[Result "0-1"]
[Round "10"]
[TimeControl "180+1"]
[Date "2022.11.16"]
[WhiteClock "0:00:02"]
[BlackClock "0:00:05"]

1. d4 Nf6 2. c4 e6 3. Nf3 Bb4+ 4. Nbd2 b6 5. a3 Bxd2+ 6. Bxd2 Bb7 7. Bg5 h6 8. Bh4 d6 9. e3 Nbd7 10. Be2 g5 11. Bg3 h5 12. h3 Rg8 13. Qc2 Ne4 14. Bh2 g4 15. hxg4 hxg4 16. Nd2 Nxd2 17. Kxd2 Nf6 18. f3 Qe7 19. Rae1 O-O-O 20. Kc1 Kb8 21. Bd1 Rg6 22. e4 e5 23. Bg1 gxf3 24. gxf3 Nd7 25. f4 exf4 26. Rh5 Nf6 27. Rh4 Bxe4 28. Qf2 Qe6 29. d5 Qe5 30. Rxf4 Rg2 31. Qxg2 Qxf4+ 32. Qd2 Qf5 33. Bd4 Ng4 34. Qe2 Qg5+ 35. Qd2 Qg6 36. Rg1 f5 37. a4 Qe8 38. a5 Ne5 39. b3 Nd3+ 40. Kb1 Nc5+ 41. Kb2 Qe7 42. axb6 axb6 43. Bh5 Qh4 44. Be2 Qe7 45. Bxc5 dxc5 46. Ra1 Qe5+ 47. Qc3 Qxc3+ 48. Kxc3 f4 49. Rf1 Rf8 50. Bf3 Bf5 51. Re1 Kc8 52. Re7 Kd8 53. Rg7 Bd7 54. b4 Re8 0-1


[Site "https://www.chess.com"]